 Dungeon Crawl Stone Soup version 0.23.1 (webtiles) character file.

Game seed: 13258618116820805939

8278 vishdafish the Blocker (level 11, 0/89 HPs)
             Began as a Gnoll Fighter on Mar 5, 2019.
             Was a High Priest of Okawaru.
             Slain by an unseen horror (1 damage)
             ... on level 10 of the Dungeon.
             The game lasted 00:12:52 (8734 turns).

vishdafish the Blocker (Gnoll Fighter)              Turns: 8734, Time: 00:12:53

Health: 0/89       AC: 14    Str: 22    XL:     11   Next: 28%
Magic:  19/20      EV: 14    Int: 11    God:    Okawaru [*****.]
Gold:   521        SH: 14    Dex: 14    Spells: 22/22 levels left

rFire    . . .     SeeInvis .   y - +4 scimitar (curse)
rCold    . . .     Gourm    .   c - +0 shield
rNeg     + . .     Faith    .   M - +0 chain mail (curse)
rPois    .         Spirit   .   s - +0 helmet
rElec    .         Reflect  .   (no cloak)
rCorr    .         Harm     .   (no gloves)
MR       .....                  (no boots)
Stlth    ++........             (no amulet)
HPRegen  0.24/turn              l - ring of wizardry
MPRegen  0.17/turn              K - ring of positive energy

@: heroism
A: distributed training, fangs 1, strong nose
a: Heroism, Finesse, Renounce Religion


You were on level 10 of the Dungeon.
You worshipped Okawaru.
Okawaru was extremely pleased with you.
You were very hungry.

You visited 1 branch of the dungeon, and saw 11 of its levels.

You collected 521 gold pieces.

Inventory:

Hand Weapons
 a - a +0 long sword
 d - a +0 trident of venom
 y - a cursed +4 scimitar (weapon)
Missiles
 E - 9 tomahawks
 G - 5 poisoned tomahawks (quivered)
Armour
 b - a +0 scale mail
 c - a +0 shield (worn)
 s - a +0 helmet (worn)
 M - a cursed +0 chain mail (worn)
Jewellery
 l - a ring of wizardry (left hand)
 C - an uncursed ring of ice
 F - an uncursed ring of protection from fire
 K - a ring of positive energy (right hand)
Wands
 q - a wand of clouds (6)
 t - a wand of paralysis (6)
 B - a wand of flame (24)
Scrolls
 g - 3 scrolls of teleportation
 h - a scroll of fear {unknown}
 i - 6 scrolls of remove curse
 j - 2 scrolls of enchant armour
 m - 3 scrolls of random uselessness
 n - 3 scrolls of amnesia {unknown}
 r - 2 scrolls of enchant weapon
 v - a scroll of immolation {unknown}
 w - 2 scrolls of magic mapping {unknown}
 H - a scroll of torment {unknown}
 J - a scroll of blinking {unknown}
 L - a scroll of summoning {unknown}
Potions
 o - a potion of brilliance
 p - 2 potions of resistance
 u - a potion of magic
 x - a potion of invisibility {unknown}
 z - a potion of ambrosia {unknown}
 A - a potion of berserk rage {unknown}
 D - a potion of lignification {unknown}
 I - a potion of agility
Comestibles
 f - 21 rations


   Skills:
 + Level 9.0(14.0) Fighting
 + Level 6.0(11.0) Short Blades
 + Level 7.6(12.6) Long Blades
 + Level 6.0(11.0) Axes
 + Level 6.0(11.0) Maces & Flails
 + Level 6.0(11.0) Polearms
 + Level 6.0(11.0) Staves
 + Level 6.0(11.0) Slings
 + Level 6.0(11.0) Bows
 + Level 6.0(11.0) Crossbows
 + Level 6.0(11.0) Throwing
 + Level 9.0(14.0) Armour
 + Level 6.0(11.0) Dodging
 + Level 6.0(11.0) Stealth
 + Level 9.0(14.0) Shields
 + Level 6.0(11.0) Unarmed Combat
 + Level 6.0 Spellcasting
 + Level 5.0 Conjurations
 + Level 5.0 Hexes
 + Level 5.0 Charms
 + Level 5.0 Summonings
 + Level 5.0 Necromancy
 + Level 5.0 Translocations
 + Level 5.0 Transmutations
 + Level 5.0 Fire Magic
 + Level 5.0 Ice Magic
 + Level 5.0 Air Magic
 + Level 5.0 Earth Magic
 + Level 5.0 Poison Magic
 + Level 6.6 Invocations
 + Level 6.0 Evocations


You had 22 spell levels left.
You didn't know any spells.
Your spell library contained the following spells:

 Spells                   Type           Power        Failure   Level  Hunger
 Animate Skeleton         Necr           N/A          6%          1    None
 Apportation              Tloc           ##....       6%          1    None
 Confusing Touch          Hex            ##....       6%          1    None
 Magic Dart               Conj           ##..         6%          1    None
 Sandblast                Erth           ##....       6%          1    None
 Summon Butterflies       Summ           ##......     6%          1    None
 Summon Small Mammal      Summ           ##..         6%          1    None
 Blink                    Tloc           N/A          9%          2    ##.....
 Call Imp                 Summ           ##......     9%          2    ##.....
 Passwall                 Tmut/Erth      ##......     9%          2    ##.....
 Searing Ray              Conj           ##....       9%          2    ##.....
 Slow                     Hex            ##......     9%          2    ##.....
 Call Canine Familiar     Summ           ##......     16%         3    ###....
 Conjure Flame            Conj/Fire      ##......     16%         3    ###....
 Dazzling Spray           Conj/Hex       ##....       16%         3    ###....
 Mephitic Cloud           Conj/Pois/Air  ##......     16%         3    ###....
 Stone Arrow              Conj/Erth      ##....       16%         3    ###....
 Force Lance              Conj/Tloc      ##......     45%         4    ####...
 Fulminant Prism          Conj/Hex       ##........   45%         4    ####...
 Iskenderun's Mystic Bla  Conj           ##......     45%         4    ####...
 Petrify                  Tmut/Erth      ##......     45%         4    ####...
 Summon Ice Beast         Ice/Summ       ##......     45%         4    ####...
 Lee's Rapid Deconstruct  Erth           ##........   80%         5    ######.
 Summon Mana Viper        Hex/Summ       ##......     80%         5    ######.
 Summon Hydra             Summ           ##........   100%        7    #######


Dungeon Overview and Level Annotations

Branches:
Dungeon (11/15)            Temple (0/1) D:5            Lair (0/6) D:10
    Orc: D:9-12

Altars:
Ashenzari
Cheibriados
Dithmenos
Elyvilon
Kikubaaqudgha
Okawaru
Ru
Sif Muna
Trog
Wu Jian
Yredelemnul
The Shining One

Annotations:
D:7 3 runed translucent doors, Ancalimex's ghost, novice DEEE
D:11 Gastronok


Innate Abilities, Weirdness & Mutations

Your experience applies equally to all skills.
You have very sharp teeth.
Your uncanny sense of smell can sniff out nearby items.


Message History

Something hits you but does no damage.
You swing at nothing.
Something barely misses you.
You closely miss something. Something hits you.
* * * LOW HITPOINT WARNING * * *
Something hits you but does no damage.
You barely miss something.
Something hits you but does no damage. x2
You slash something! Something hits you but does no damage.
Something barely misses you.
You closely miss something. Something hits you.
* * * LOW HITPOINT WARNING * * *
Something hits you but does no damage.
Okay, then.
You swing at nothing.
Something hits you but does no damage.
You barely miss something. Something barely misses you.
You block something's attack.
You miss something. Something hits you.
* * * LOW HITPOINT WARNING * * *
You swing at nothing.
Something barely misses you.
You hit something. Something hits you.
You die...

#.## ##.# #..## #..# ##..#
###.## ###'## #...# #....###
##'##### # #....'.# #......#
# #....#.### #......# #
#....#...###......##### #
#....###..@'......รท...#####
#....# #####......###....##
#..>.# #......# ####..'
###### #......# ####
######## # #


There were no monsters in sight!

Vanquished Creatures
  2 two-headed ogres (D:9)
  Psyche (D:8)
  2 hippogriffs
  A spriggan (D:7)
  2 wyverns (D:10)
  10 yaks (D:9)
  2 hungry ghosts
  A water moccasin (D:9)
  A sky beast (D:9)
  2 ice beasts
  3 orc warriors
  2 necrophages
  A phantom (D:5)
  5 centaurs
  2 big kobolds
  A wyvern zombie (D:4)
  5 bullfrogs
  3 scorpions
  3 killer bees (D:10)
  5 wights
  2 howler monkeys
  A bullfrog zombie (D:7)
  A centaur zombie (D:7)
  4 crimson imps
  A jelly (D:9)
  5 orc priests
  10 hounds
  2 bullfrog skeletons
  5 orc wizards
  Ijyb (D:3)
  Terence (D:3)
  4 iguanas
  13 worker ants
  A killer bee zombie (D:7)
  A hound zombie (D:10)
  2 worker ant zombies
  Robin (D:2)
  4 gnolls (D:3)
  A howler monkey skeleton (D:8)
  13 adders
  2 shadow imps (D:7)
  2 oozes
  2 adder skeletons
  An adder zombie (D:7)
  2 worms
  3 dart slugs
  7 leopard geckos
  32 orcs
  4 ball pythons
  6 giant cockroaches
  21 goblins
  13 hobgoblins
  10 jackals
  4 quokkas
  7 bats
  3 frilled lizards
  A giant cockroach zombie (D:5)
  14 kobolds
  A quokka zombie (D:5)
  4 rats
266 creatures vanquished.

Vanquished Creatures (others)
  3 fungi (D:7)
  A plant (D:7)
4 creatures vanquished.

Grand Total: 270 creatures vanquished

Notes
Turn   | Place    | Note
-------+----------+-------------------------------------------
     0 | D:1      | vishdafish the Gnoll Fighter began the quest for the Orb.
     0 | D:1      | Reached XP level 1. HP: 23/23 MP: 1/1
    63 | D:1      | Reached XP level 2. HP: 29/29 MP: 2/2
   320 | D:1      | Reached XP level 3. HP: 31/35 MP: 3/3
   527 | D:2      | Reached skill level 1 in Invocations
   537 | D:2      | Found a shadowy altar of Dithmenos.
   543 | D:2      | Reached skill level 1 in Short Blades
   543 | D:2      | Reached skill level 1 in Axes
   543 | D:2      | Reached skill level 1 in Maces & Flails
   543 | D:2      | Reached skill level 1 in Polearms
   543 | D:2      | Reached skill level 1 in Staves
   543 | D:2      | Reached skill level 1 in Slings
   543 | D:2      | Reached skill level 1 in Bows
   543 | D:2      | Reached skill level 1 in Crossbows
   543 | D:2      | Reached skill level 1 in Throwing
   543 | D:2      | Reached skill level 1 in Dodging
   543 | D:2      | Reached skill level 1 in Stealth
   543 | D:2      | Reached skill level 1 in Unarmed Combat
   543 | D:2      | Reached skill level 1 in Spellcasting
   543 | D:2      | Reached skill level 1 in Evocations
   555 | D:2      | Reached XP level 4. HP: 33/41 MP: 5/5
   664 | D:2      | Found a faded altar of an unknown god.
   718 | D:2      | Became a worshipper of Warmaster Okawaru
   718 | D:2      | Reached * piety under Okawaru
   739 | D:2      | Reached skill level 1 in Conjurations
   739 | D:2      | Reached skill level 1 in Hexes
   739 | D:2      | Reached skill level 1 in Charms
   739 | D:2      | Reached skill level 1 in Summonings
   739 | D:2      | Reached skill level 1 in Necromancy
   739 | D:2      | Reached skill level 1 in Translocations
   739 | D:2      | Reached skill level 1 in Transmutations
   739 | D:2      | Reached skill level 1 in Fire Magic
   739 | D:2      | Reached skill level 1 in Ice Magic
   739 | D:2      | Reached skill level 1 in Air Magic
   739 | D:2      | Reached skill level 1 in Earth Magic
   739 | D:2      | Reached skill level 1 in Poison Magic
   740 | D:2      | Found an ancient bone altar of Kikubaaqudgha.
   741 | D:2      | Found a basalt altar of Yredelemnul.
   743 | D:2      | Found a deep blue altar of Sif Muna.
   743 | D:2      | Found a snail-covered altar of Cheibriados.
   745 | D:2      | Found a glowing golden altar of the Shining One.
   745 | D:2      | Found an iron altar of Okawaru.
   769 | D:2      | Reached XP level 5. HP: 29/47 MP: 6/6
   778 | D:2      | Found a sacrificial altar of Ru.
   778 | D:2      | Noticed Robin
   808 | D:2      | Killed Robin
  1031 | D:2      | Found a shattered altar of Ashenzari.
  1566 | D:3      | Noticed Terence
  1807 | D:3      | Killed Terence
  1807 | D:3      | Reached XP level 6. HP: 53/53 MP: 8/8
  1839 | D:3      | Noticed Ijyb
  1840 | D:3      | Paralysed by Ijyb for 3 turns
  1845 | D:3      | Killed Ijyb
  2089 | D:3      | Reached skill level 5 in Long Blades
  2725 | D:4      | Reached XP level 7. HP: 53/59 MP: 10/10
  3433 | D:4      | Reached ** piety under Okawaru
  3505 | D:5      | Entered Level 5 of the Dungeon
  3685 | D:5      | Found a staircase to the Ecumenical Temple.
  3716 | D:5      | Reached XP level 8. HP: 53/67 MP: 10/12
  3926 | D:5      | Found an ornate altar of the Wu Jian Council.
  3967 | D:5      | Reached *** piety under Okawaru
  4989 | D:7      | Reached XP level 9. HP: 45/72 MP: 14/14
  5000 | D:7      | Found a runed translucent gate.
  5025 | D:7      | Found a runed translucent gate.
  5026 | D:7      | Found a runed translucent gate.
  5026 | D:7      | Noticed Ancalimex's ghost (novice DEEE)
  5028 | D:7      | Noticed a kobold demonologist
  5212 | D:7      | Reached **** piety under Okawaru
  5942 | D:8      | Reached skill level 5 in Invocations
  6037 | D:8      | Found a bloodstained altar of Trog.
  6037 | D:8      | Found a white marble altar of Elyvilon.
  6068 | D:8      | Noticed Psyche
  6082 | D:8      | Killed Psyche
  6082 | D:8      | Reached XP level 10. HP: 69/79 MP: 15/17
  6314 | D:9      | Reached ***** piety under Okawaru
  6314 | D:9      | Reached skill level 5 in Short Blades
  6314 | D:9      | Reached skill level 5 in Axes
  6314 | D:9      | Reached skill level 5 in Maces & Flails
  6314 | D:9      | Reached skill level 5 in Polearms
  6314 | D:9      | Reached skill level 5 in Staves
  6314 | D:9      | Reached skill level 5 in Slings
  6314 | D:9      | Reached skill level 5 in Bows
  6314 | D:9      | Reached skill level 5 in Crossbows
  6314 | D:9      | Reached skill level 5 in Throwing
  6314 | D:9      | Reached skill level 5 in Dodging
  6314 | D:9      | Reached skill level 5 in Stealth
  6314 | D:9      | Reached skill level 5 in Unarmed Combat
  6314 | D:9      | Reached skill level 5 in Spellcasting
  6314 | D:9      | Reached skill level 5 in Evocations
  6326 | D:9      | Received a gift from Okawaru
  6620 | D:9      | Noticed a two-headed ogre
  6639 | D:9      | Killed a two-headed ogre
  7256 | D:9      | Received a gift from Okawaru
  7697 | D:9      | Reached XP level 11. HP: 50/86 MP: 19/19
  7811 | D:10     | Entered Level 10 of the Dungeon
  8030 | D:10     | Found a staircase to the Lair.
  8347 | D:10     | Noticed a two-headed ogre
  8363 | D:9      | Killed a two-headed ogre
  8363 | D:9      | Reached skill level 5 in Conjurations
  8363 | D:9      | Reached skill level 5 in Hexes
  8363 | D:9      | Reached skill level 5 in Charms
  8363 | D:9      | Reached skill level 5 in Summonings
  8363 | D:9      | Reached skill level 5 in Necromancy
  8363 | D:9      | Reached skill level 5 in Translocations
  8363 | D:9      | Reached skill level 5 in Transmutations
  8363 | D:9      | Reached skill level 5 in Fire Magic
  8363 | D:9      | Reached skill level 5 in Ice Magic
  8363 | D:9      | Reached skill level 5 in Air Magic
  8363 | D:9      | Reached skill level 5 in Earth Magic
  8363 | D:9      | Reached skill level 5 in Poison Magic
  8672 | D:11     | Noticed Gastronok
  8673 | D:11     | Noticed a two-headed ogre
  8729 | D:10     | HP: 3/89 [something (5)]
  8732 | D:10     | HP: 1/89 [something (3)]
  8734 | D:10     | Slain by an unseen horror

Skill      XL: |  1  2  3  4  5  6  7  8  9 10 11 |
---------------+----------------------------------+-----
Invocations    | 1 2 3 4 5 6 |  6.6
Short Blades   | 1 2 3 4 5 6 |  6.0
Axes           | 1 2 3 4 5 6 |  6.0
Maces & Flails | 1 2 3 4 5 6 |  6.0
Polearms       | 1 2 3 4 5 6 |  6.0
Staves         | 1 2 3 4 5 6 |  6.0
Slings         | 1 2 3 4 5 6 |  6.0
Bows           | 1 2 3 4 5 6 |  6.0
Crossbows      | 1 2 3 4 5 6 |  6.0
Throwing       | 1 2 3 4 5 6 |  6.0
Dodging        | 1 2 3 4 5 6 |  6.0
Stealth        | 1 2 3 4 5 6 |  6.0
Unarmed Combat | 1 2 3 4 5 6 |  6.0
Spellcasting   | 1 2 3 4 5 6 |  6.0
Evocations     | 1 2 3 4 5 6 |  6.0
Conjurations   | 1 2 3 4 5 |  5.0
Hexes          | 1 2 3 4 5 |  5.0
Charms         | 1 2 3 4 5 |  5.0
Summonings     | 1 2 3 4 5 |  5.0
Necromancy     | 1 2 3 4 5 |  5.0
Translocations | 1 2 3 4 5 |  5.0
Transmutations | 1 2 3 4 5 |  5.0
Fire Magic     | 1 2 3 4 5 |  5.0
Ice Magic      | 1 2 3 4 5 |  5.0
Air Magic      | 1 2 3 4 5 |  5.0
Earth Magic    | 1 2 3 4 5 |  5.0
Poison Magic   | 1 2 3 4 5 |  5.0
Long Blades    | 5 6 7 |  7.6
Fighting       | 7 8 9 |  9.0
Armour         | 7 8 9 |  9.0
Shields        | 7 8 9 |  9.0

Action                   |  1- 3 |  4- 6 |  7- 9 | 10-12 || total
-------------------------+-------+-------+-------+-------++-------
Melee: Long sword        |    82 |   158 |       |       ||   240
       Bite              |     6 |    28 |    46 |    36 ||   116
       Unarmed           |       |     3 |       |       ||     3
       Trident           |       |    68 |   208 |       ||   276
       Scimitar          |       |       |   177 |   270 ||   447
Throw: Tomahawk          |       |       |    13 |     5 ||    18
Invok: Heroism           |       |     1 |       |     3 ||     4
  Use: Potion            |       |     1 |       |     2 ||     3
       Scroll            |       |     7 |     2 |     1 ||    10
 Stab: Sleeping          |       |       |     1 |     1 ||     2
       Distracted        |       |       |       |     1 ||     1
  Eat: Chunk             |       |     4 |     3 |     8 ||    15
       Ration            |       |     1 |     2 |     1 ||     4
Armor: Scale mail        |    30 |    92 |   119 |    41 ||   282
       Chain mail        |       |       |       |    70 ||    70
Dodge: Dodged            |    34 |    88 |   127 |   114 ||   363
Block: Shield            |    47 |   138 |   207 |   168 ||   560
       Rpst.: Long sword |     8 |    17 |       |       ||    25
       Scimitar          |       |       |    18 |    36 ||    54
